Map: Acropolis LE

Players

SkengDON - Winner!

  • Race: Protoss Protoss
  • League: Diamond
  • Spawn Location: 5:00

Smeeeger

  • Race: Zerg Zerg
  • League: Platinum
  • Spawn Location: 11:00

VOD

Have the link to the VOD?

Description

Time

  • Played on: July 17, 2019, 7:35 a.m.
  • Length: 13:09
Show
View Real Time Build Order
Export as new Build Order

SkengDON Protoss - Winner!

Build Orders: Cannon Rush 

Get SALT Encoding   

  12  0:03  Probe  
  13  0:15  Probe  
  14  0:26  Pylon  
  14  0:30  Probe  
  15  0:44  Probe  
  15  0:49  Forge  
  16  0:56  Gateway  
  16  1:00  Probe  
  17  1:18  Probe, Pylon  
  18  1:26  Pylon  
  18  1:30  Probe  
  19  1:41  Photon Cannon  
  19  1:49  Photon Cannon  
  19  1:52  Probe  
  19  1:53  Photon Cannon  
  20  1:57  Pylon  
  20  2:00  Probe  
  20  2:06  Assimilator  
  21  2:22  Photon Cannon  
  21  2:24  Photon Cannon  
  21  2:32  Photon Cannon  
  21  2:34  Probe  
  22  2:44  Cybernetics Core  
  22  2:47  Probe  
  23  2:53  Warp Gate  
  23  2:59  Assimilator  
  23  3:00  Probe  
  24  3:10  Gateway  
  24  3:13  Probe  
  25  3:24  Gateway  
  25  3:39  Robotics Facility  
  25  3:41  Probe  
  26  3:50  Pylon  
  26  3:55  Photon Cannon  
  26  4:02  Shield Battery  
  26  4:07  Shield Battery  
  26  4:14  Probe, Pylon  
  27  4:24  Immortal  
  27  4:25  Photon Cannon  
  31  4:44  Stalker  
  33  5:03  Shield Battery  
  33  5:26  Stalker x3  
  39  5:35  Shield Battery x2  
  39  5:38  Photon Cannon  
  39  5:42  Immortal  
  39  5:43  Pylon  
  43  6:11  Stalker  
  45  6:19  Protoss Ground Weapons Level 1  
  45  6:21  Observer  
  46  6:33  Stalker x2  
  50  7:09  Robotics Bay  
  50  7:10  Probe  
  51  7:22  Probe  
  52  7:24  Stalker x2  
  52  7:25  Stalker  
  58  7:55  Nexus  
  58  7:59  Assimilator  
  58  8:00  Extended Thermal Lance  
  58  8:01  Assimilator  
  58  8:02  Probe  
  58  8:04  Pylon  
  59  8:21  Colossus  
  65  8:30  Pylon  
  57  9:04  Colossus  
  63  9:21  Probe x2  
  65  9:33  Probe x2  
  68  9:45  Probe x2  
  68  9:48  Colossus  
  69  9:57  Probe  
  74  10:23  Probe  
  74  10:24  Probe  
  76  10:36  Probe  
  76  10:42  Colossus  
  77  10:47  Stargate x2  
  83  10:51  Stargate  
  82  11:28  Probe x2  
  84  11:32  Void Ray  
  84  11:33  Void Ray  
  92  11:40  Probe x2  
  94  12:30  Pylon  
  94  12:31  Pylon  
  94  12:39  Nexus  
  94  12:41  Pylon  
  94  12:43  Pylon  
  94  12:47  Assimilator  
  94  12:50  Assimilator  
Show
View Real Time Build Order
Export as new Build Order

Smeeeger Zerg 

Build Orders: Hatch First, Ravager All-In 

Get SALT Encoding   

  12  0:03  Drone  
  13  0:14  Overlord  
  13  0:20  Drone  
  14  0:32  Drone x2  
  16  0:36  Drone  
  17  0:55  Drone  
  18  0:58  Hatchery  
  18  1:01  Drone  
  18  1:12  Extractor  
  17  1:21  Drone x2, Spawning Pool  
  18  1:31  Drone  
  19  1:42  Overlord  
  18  2:21  Roach Warren  
  15  2:30  Drone x4  
  15  2:31  Drone, Spine Crawler  
  15  2:34  Extractor  
  18  2:37  Queen  
  20  2:53  Drone x2  
  22  3:04  Roach  
  26  3:22  Roach  
  28  3:30  Overlord  
  28  3:33  Ravager  
  27  3:40  Drone  
  28  3:43  Ravager  
  28  3:48  Overlord, Queen  
  29  3:50  Roach x3  
  37  4:09  Roach  
  39  4:11  Ravager x3  
  39  4:13  Drone  
  43  4:19  Overlord  
  43  4:37  Ravager  
  44  4:45  Roach x3  
  47  5:10  Ravager  
  47  5:11  Ravager  
  34  5:30  Ravager  
  34  5:31  Roach x2  
  34  5:32  Roach, Spine Crawler  
  40  5:42  Queen  
  42  5:44  Roach, Spine Crawler  
  43  5:54  Ravager  
  44  6:06  Ravager  
  45  6:18  Ravager  
  46  6:20  Overlord  
  46  6:23  Queen  
  48  6:28  Ravager  
  49  6:46  Roach x2  
  53  7:09  Spine Crawler x2  
  53  7:10  Ravager x2  
  53  7:12  Overlord x2  
  53  7:24  Drone  
  53  7:27  Metabolic Boost  
  54  7:40  Roach x3  
  60  7:50  Roach  
  60  7:51  Roach x2  
  66  7:56  Drone  
  69  8:05  Roach  
  69  8:22  Drone  
  69  8:24  Overlord  
  70  8:28  Overlord x2  
  53  9:07  Roach  
  53  9:08  Roach x5  
  52  9:27  Roach  
  52  9:29  Ravager x4  
  58  9:35  Spore Crawler  
  57  9:44  Roach x2  
  61  9:57  Lair  
  53  10:22  Zergling x6  
  49  10:39  Spine Crawler x2  
  49  10:40  Spine Crawler  
  46  10:44  Ravager x3  
  46  10:45  Roach  
  46  10:46  Roach  
  53  10:58  Spore Crawler  
  53  11:00  Spore Crawler  
  50  11:07  Ravager x2  
  47  12:03  Nydus Network  
  46  12:18  Zergling x6  
  49  12:31  Spine Crawler  
  49  12:34  Spine Crawler  
Tags
 
Add a new tag
Caveats
  • Supply blocks, unpowered buildings, or Contaminate may cause inaccurate times.
  • Supply counts are checked every 10 seconds.